 Dungeon Crawl Stone Soup version 0.27.1 (webtiles) character file.

Game seed: 5819841907859737854

1920 VictoriousLee the Basher (level 9, -2/45 HPs)
             Began as a Gargoyle Earth Elementalist on Aug 29, 2021.
             Was an Initiate of Vehumet.
             Slain by a steam dragon (6 damage)
             ... on level 5 of the Dungeon.
             The game lasted 00:29:37 (6006 turns).

VictoriousLee the Basher (GrEE)                     Turns: 6006, Time: 00:29:38

Health: -2/45      AC: 14    Str: 12    XL:     9   Next: 16%
Magic:  0/12       EV: 11    Int: 19    God:    Vehumet [......]
Gold:   213        SH:  0    Dex: 10    Spells: 4/12 levels left

rFire    . . .     SeeInvis .   x - +2 whip (flame)
rCold    . . .     Faith    .   (no shield)
rNeg     + . .     Spirit   .   i - +0 leather armour
rPois    ∞         Reflect  .   w - +0 helmet
rElec    +         Harm     .   (no cloak)
rCorr    .         Rampage  .   (no gloves)
Will     .....                  (no boots)
Stlth    ++........             (no amulet)
HPRegen  0.15/turn              h - +4 ring of protection
MPRegen  0.13/turn              z - ring of flight

@: flying
A: sickness immunity, AC +6, negative energy resistance 1, electricity
resistance, torment resistance 1, petrification resistance
a: Renounce Religion


You were on level 5 of the Dungeon.
You worshipped Vehumet.
Vehumet was noncommittal.
You visited 2 branches of the dungeon, and saw 6 of its levels.
You also visited: Sewer.

You collected 213 gold pieces.

Inventory:

Hand Weapons
 d - a +0 whip
 o - a +1 whip of venom
 x - a +2 whip of flaming (weapon)
Missiles
 a - 57 arrows
 c - 119 stones
 t - 36 poisoned darts
 B - 3 boomerangs
Armour
 b - a +0 robe
 i - a +0 leather armour (worn)
 w - a +0 helmet (worn)
 C - a +0 ring mail
Jewellery
 h - a +4 ring of protection (left hand)
 z - a ring of flight (right hand)
Wands
 f - a wand of polymorph (5)
 k - a wand of flame (13)
Scrolls
 e - a scroll of acquirement {unknown}
 g - 3 scrolls of teleportation {unknown}
 j - a scroll of magic mapping {unknown}
 l - a scroll of holy word {unknown}
 m - 2 scrolls of identify {unknown}
 n - a scroll of brand weapon {unknown}
 q - a scroll of silence {unknown}
 s - a scroll of fear {unknown}
 v - 2 scrolls of enchant weapon {unknown}
 y - 3 scrolls of amnesia {unknown}
Potions
 p - a potion of attraction
 u - a potion of curing {unknown}
 A - a potion of ambrosia {unknown}


   Skills:
 - Level 8.1 Maces & Flails
 - Level 1.5 Dodging
 - Level 2.1 Stealth
 + Level 2.4 Spellcasting
 - Level 7.0 Conjurations
 - Level 0.7 Transmutations
 + Level 6.7 Earth Magic


You had 4 spell levels left.
You knew the following spells:

 Your Spells              Type           Power      Damage    Failure   Level
a - Stone Arrow           Conj/Erth      56%        3d10      3%          3
b - Blink                 Tloc           N/A        N/A       30%         2
p - Passwall              Tmut/Erth      13%        N/A       7%          2
s - Sandblast             Erth           56%        2d13      1%          1

Your spell library contained the following spells:

 Spells                   Type           Power      Damage    Failure   Level
 Slow                     Hex            2%         N/A       30%         2
 Petrify                  Tmut/Erth      16%        N/A       41%         4
 Confusing Touch          Hex            2%         N/A       52%         3
 Lesser Beckoning         Tloc           1%         N/A       52%         3
 Vampiric Draining        Necr           1%         2d6       52%         3
 Manifold Assault         Tloc           2%         N/A       99%         5


Dungeon Overview and Level Annotations

Branches:
Dungeon (5/15)             Temple (1/1) D:5           Sewer (visited)

Altars:
Ashenzari
Cheibriados
Dithmenos
Elyvilon
Fedhas
Hepliaklqana
Kikubaaqudgha
Makhleb
Nemelex Xobeh
Okawaru
Qazlal
Ru
Sif Muna
Trog
Uskayaw
Vehumet
Wu Jian
Xom
Yredelemnul
Zin
The Shining One


Innate Abilities, Weirdness & Mutations

You are immune to sickness and miasma.
Your stone body is resilient. (AC +6)
You are immune to poison.
You resist negative energy. (rN+)
You are resistant to electric shocks. (rElec)
You are resistant to unholy torment.
You are immune to petrification.


Message History

Confirm with . or Enter, or press ? or * to list all spells.
Aiming: Sandblast (safe; 1% risk of failure)
Press: ? - help, Shift-Dir - straight line, f/p - steam dragon
Aim: a steam dragon (81% to hit)
The blast of sand hits the steam dragon.
The steam dragon is lightly wounded.
c - 120 stones The steam dragon bites you but does no damage.
The steam dragon claws you but does no damage.
Casting: Sandblast (safe; 1% risk of failure)
Confirm with . or Enter, or press ? or * to list all spells.
Aiming: Sandblast (safe; 1% risk of failure)
Press: ? - help, Shift-Dir - straight line, f/p - steam dragon
Aim: a steam dragon (lightly wounded, 81% to hit)
The blast of sand hits the steam dragon!
The steam dragon is heavily wounded.
c - 119 stones The steam dragon breathes steam at you.
The ball of steam hits you!!
Ouch! That really hurt!
* * * LOW HITPOINT WARNING * * *
The steam dragon bites you but does no damage.
The steam dragon barely misses you.
Okay, then.
Okay, then.
Aiming: Polymorph
Press: ? - help, Shift-Dir - straight line, f/p - steam dragon
Aim: a steam dragon (heavily wounded, catching its breath, will become a killer bee, a wyvern, or an acid dragon, chance to affect: 46%)
Okay, then.
Okay, then.
You closely miss the steam dragon.
The steam dragon is heavily wounded.
The steam dragon bites you but does no damage.
The steam dragon claws you but does no damage.
You barely miss the steam dragon.
The steam dragon is heavily wounded.
You hit the steam dragon. You burn the steam dragon.
The steam dragon is severely wounded.
The steam dragon bites you.
You die...

#.P#
##.###..........####
#.P##
#..##..........#...
#≈.P#
##.##..........#.##
#≈D.#
#................#
#...#
#.#.......#####..#
##PDP# #.#.......
#..# #§PDP#
#§#....... #..#
##PP..# #§#+####+#
#..# #≈≈≈§.## #.@..#
#..##
#≈.≈.≈^#####D...###.
#..##
#..P..≈##..†........
####....
#......##.###....##.#
#.....## #.........#
#....# #.######
########### #.....#
#.# # #...#.# ###.# #
#...#...#...# ####
..#.#######


You could see a steam dragon (catching breath).

Vanquished Creatures
  Pikel (D:4)
  Prince Ribbit (D:5)
  Grinder (D:4)
  Sigmund (D:3)
  An orc warrior (D:5)
  A black bear (D:4)
  A necrophage (D:5)
  2 lemures (D:4)
  A kobold brigand (Sewer)
  A howler monkey (D:4)
  A centaur skeleton (D:4)
  2 orc priests (D:5)
  3 iguanas
  An orc wizard (D:5)
  A hound zombie (D:5)
  4 gnolls (D:2)
  A river rat (Sewer)
  8 adders
  A white imp (D:5)
  An ufetubus (D:4)
  3 worms
  3 dart slugs
  11 orcs
  12 ball pythons
  7 endoplasms
  3 giant cockroaches
  4 goblins
  8 hobgoblins
  5 jackals
  5 quokkas
  2 bats
  3 frilled lizards
  16 kobolds
  9 rats
125 creatures vanquished.

Vanquished Creatures (others)
  A steam dragon (D:5)
  4 fungi (D:5)
5 creatures vanquished.

Grand Total: 130 creatures vanquished

Notes
Turn   | Place    | Note
-------+----------+-------------------------------------------
     0 | D:1      | VictoriousLee the Gargoyle Earth Elementalist began the
                  | quest for the Orb.
     0 | D:1      | Reached XP level 1. HP: 10/10 MP: 3/3
   209 | D:1      | Reached XP level 2. HP: 13/15 MP: 1/5
   601 | D:1      | Found a faded altar of an unknown god.
   603 | D:1      | Reached XP level 3. HP: 19/19 MP: 4/6
   612 | D:1      | Reached skill level 5 in Earth Magic
  1268 | D:2      | Found a basalt altar of Yredelemnul.
  1305 | D:2      | Reached XP level 4. HP: 6/24 MP: 0/7
  2118 | D:2      | Learned a level 2 spell: Passwall
  2122 | D:2      | Learned a level 3 spell: Stone Arrow
  2304 | D:3      | Reached skill level 1 in Conjurations
  2304 | D:3      | Reached XP level 5. HP: 28/28 MP: 8/8
  2314 | D:3      | Noticed Sigmund
  2708 | D:3      | Found a glowing drain.
  2724 | Sewer    | Entered a sewer
  3032 | Sewer    | Noticed a kobold brigand
  3043 | Sewer    | Killed a kobold brigand
  3044 | Sewer    | Reached XP level 6. HP: 28/32 MP: 2/9
  3539 | D:3      | Killed Sigmund
  3540 | D:3      | Reached skill level 5 in Conjurations
  3694 | D:3      | Learned a level 2 spell: Blink
  3806 | D:4      | Noticed Grinder
  3815 | D:4      | Paralysed by Grinder for 5 turns
  3827 | D:4      | Paralysed by Grinder for 7 turns
  3835 | D:4      | Killed Grinder
  3836 | D:4      | Reached XP level 7. HP: 15/36 MP: 3/10
  4211 | D:4      | Reached skill level 2 in Maces & Flails
  4483 | D:4      | Noticed Pikel
  4494 | D:4      | Killed Pikel
  4495 | D:4      | Reached skill level 5 in Maces & Flails
  4495 | D:4      | Reached XP level 8. HP: 24/41 MP: 0/11
  4730 | D:4      | Reached skill level 6 in Maces & Flails
  5058 | D:5      | Entered Level 5 of the Dungeon
  5238 | D:5      | Found a staircase to the Ecumenical Temple.
  5258 | Temple   | Entered the Ecumenical Temple
  5343 | Temple   | Became a worshipper of Vehumet
  5493 | D:5      | Noticed Prince Ribbit
  5497 | D:5      | Killed Prince Ribbit
  5498 | D:5      | Reached skill level 7 in Maces & Flails
  5598 | D:5      | Reached XP level 9. HP: 31/45 MP: 0/12
  5710 | D:5      | Reached skill level 8 in Maces & Flails
  6006 | D:5      | Slain by a steam dragon

Illustrated notes

Levels and vault maps discovered:
D:1:      minmay_arrival_arboretum_small, layout_basic,
          hellmonk_ecumenical_altar_arch_garden, serial_rivers,
          chequers_serial_rivers_large_a, chequers_serial_rivers_marsh,
          chequers_serial_rivers_large_b, chequers_serial_rivers_marsh,
          chequers_serial_rivers_small_b, chequers_serial_rivers_micro_a,
          chequers_serial_rivers_small_3
D:2:      layout_rooms, basic_altar, wad_orctagon
D:3:      layout_loops_ring, portal_sewer_entry_d, uniq_sigmund
D:4:      layout_basic, uniq_grinder, uniq_pikel
D:5:      kennysheep_steamy, layout_basic, minmay_temple_entry_tees,
          guppyfry_early_orc_mine, uniq_prince_ribbit1
Temple:   grunt_wide_crystal_templ

Skill      XL: |  1  2  3  4  5  6  7  8  9 |
---------------+----------------------------+-----
Earth Magic    | 4 5 6 |  6.7
Conjurations   | 1 4 6 7 |  7.0
Maces & Flails | 5 7 8 |  8.1
Dodging        | |  1.5
Stealth        | |  2.1
Spellcasting   | |  2.4
Transmutations | |  0.7

Action                   |  1- 3 |  4- 6 |  7- 9 || total
-------------------------+-------+-------+-------++-------
Melee: Whip              |    47 |   192 |    91 ||   330
       Unarmed           |     1 |       |       ||     1
 Cast: Sandblast         |    26 |    40 |    20 ||    86
       Stone Arrow       |       |       |    27 ||    27
  Use: Potion            |       |     7 |     1 ||     8
 Stab: Sleeping          |       |     2 |     3 ||     5
Armor: Robe              |     9 |       |       ||     9
       Leather armour    |     4 |    97 |    40 ||   141
Dodge: Dodged            |    36 |   121 |    49 ||   206
